 Dungeon Crawl Stone Soup version 0.28-a0-803-g74956062c1 (webtiles) character file.

Game seed: 4385405487205987515

8495 Gargoyl the Fighter (level 11, -12/89 HPs)
             Began as a Gnoll Abyssal Knight on Nov 7, 2021.
             Was a High Priest of Lugonu.
             Succumbed to Sonja's poison
             ... on level 10 of the Dungeon.
             The game lasted 00:13:23 (11157 turns).

Gargoyl the Fighter (Gnoll Abyssal Knight)         Turns: 11157, Time: 00:13:23

Health: -12/89     AC: 16    Str: 16    XL:     11   Next: 31%
Magic:  20/20      EV: 13    Int: 10    God:    Lugonu [*****.]
Gold:   559        SH:  0    Dex: 12    Spells: 22/22 levels left

rFire   . . .      SeeInvis .   a - +3 hand axe (elec)
rCold   + + .      Faith    +   (no shield)
rNeg    . . .      Spirit   .   o - +1 chain mail
rPois   .          Reflect  .   (no helmet)
rElec   .          Harm     .   u - +0 cloak
rCorr   +          Rampage  .   (no gloves)
Will    .....                   z - +2 pair of boots
Stlth   +.........              b - amulet "Erchoocam" {Faith rC+ Slay+3 Stlth+}
HPRegen 0.24/turn               e - +4 ring of evasion
MPRegen 0.17/turn               i - ring of resist corrosion

@: lethally poisoned (-12 -> -86), slowed, very slow
A: fangs 1, strong nose, distributed training, claws 1, cold resistance 1,
screaming 1, evolution 2, inability to read while threatened
a: Renounce Religion, Depart the Abyss, Bend Space, Banish, Corrupt, Enter the
Abyss


You were on level 10 of the Dungeon.
You worshipped Lugonu.
Lugonu was extremely pleased with you.
You visited 1 branch of the dungeon, and saw 10 of its levels.
You visited the Abyss 1 time.
You also visited: Sewer.

You collected 613 gold pieces.
You spent 54 gold pieces at shops.

Inventory:

Hand Weapons
 a - a +3 hand axe of electrocution (weapon)
 w - a +1 halberd of flaming
Missiles
 h - 57 poisoned darts (quivered)
 j - a throwing net
Armour
 o - a +1 chain mail (worn)
 u - a +0 cloak (worn)
 z - a +2 pair of boots (worn)
Jewellery
 b - the amulet "Erchoocam" (around neck) {Faith rC+ Slay+3 Stlth+}
   (You acquired it on level 4 of the Dungeon)

   [amulet of faith]

   It allows you to gain divine favour quickly.
   Slay:      It affects your accuracy & damage with ranged weapons and melee
   (+3).
   rC:        It protects you from cold.
   Stlth:     It makes you more stealthy.
 e - a +4 ring of evasion (left claw)
 i - a ring of resist corrosion (right claw)
 v - a ring of ice
 x - a ring of see invisible
Wands
 f - a wand of flame (21)
 m - a wand of iceblast (9)
 y - a wand of charming (4)
 D - a wand of mindburst (12)
Scrolls
 c - 9 scrolls of teleportation
 g - 2 scrolls of fog
 k - 5 scrolls of blinking
 q - a scroll of magic mapping
 A - 2 scrolls of identify
 B - a scroll of summoning {unknown}
 E - a scroll of vulnerability {unknown}
 F - a scroll of silence {unknown}
Potions
 d - 2 potions of brilliance {unknown}
 l - 2 potions of haste
 n - 2 potions of curing
 p - 2 potions of lignification
 r - a potion of cancellation
 s - a potion of might {unknown}
 t - a potion of ambrosia {unknown}
 C - a potion of heal wounds


   Skills:
 + Level 9.1 Fighting
 + Level 6.2 Short Blades
 + Level 6.2 Long Blades
 + Level 7.8 Axes
 + Level 6.2 Maces & Flails
 + Level 6.2 Polearms
 + Level 6.2 Staves
 + Level 6.2 Slings
 + Level 6.2 Bows
 + Level 6.2 Crossbows
 + Level 6.2 Throwing
 + Level 7.8 Armour
 + Level 6.7 Dodging
 + Level 6.2 Stealth
 + Level 6.2 Shields
 + Level 6.2 Unarmed Combat
 + Level 6.2 Spellcasting
 + Level 5.1 Conjurations
 + Level 5.1 Hexes
 + Level 5.1 Summonings
 + Level 5.1 Necromancy
 + Level 5.1 Translocations
 + Level 5.1 Transmutations
 + Level 5.1 Fire Magic
 + Level 5.1 Ice Magic
 + Level 5.1 Air Magic
 + Level 5.1 Earth Magic
 + Level 5.1 Poison Magic
 + Level 8.3 Invocations
 + Level 6.2 Evocations


You had 22 spell levels left.
You didn't know any spells.
Your spell library contained the following spells:

 Spells                   Type           Power      Damage    Failure   Level
 Pain                     Necr           52%        1d6       30%         1
 Conjure Flame            Conj/Fire      13%        6-21      67%         3
 Ignite Poison            Fire/Tmut/Pois 13%        N/A       67%         3
 Sticky Flame             Conj/Fire      13%        2d4       97%         4
 Agony                    Necr           13%        N/A       100%        5
 Excruciating Wounds      Necr           6%         N/A       100%        5


Dungeon Overview and Level Annotations

Branches:
Dungeon (9/15)             Temple (0/1) D:7           Sewer (visited)
   Lair: D:8-11         Orc: D:9-12

Altars:
Ashenzari
Cheibriados
Dithmenos
Elyvilon
Gozag
Hepliaklqana
Okawaru
Qazlal
Trog
Uskayaw
Wu Jian
Xom
Zin

Shops:
D:1 *(*?   D:6 *

Annotations:
D:9 1 runed translucent door
D:10 Sonja


Innate Abilities, Weirdness & Mutations

You have very sharp teeth.
Your uncanny sense of smell can sniff out nearby items.
Your experience applies equally to all skills.
You have sharp fingernails.
Your flesh is cold resistant. (rC+)
You occasionally shout uncontrollably at your foes.
You have great hidden genetic potential.
You sometimes lose the ability to read scrolls when taking damage.


Message History

Something hits you but does no damage.
You are more poisoned.
Something hits you but does no damage. Something hits you.
You are more poisoned.
Unknown command.
You feel better. Something hits you but does no damage. Something hits you.
You are poisoned.
Something hits you but does no damage.
You are more poisoned.
Something barely misses you. Something hits you but does no damage.
Something hits you.
You are more poisoned.
You closely miss something.
You feel extremely sick. Something hits you.
You are lethally poisoned!
Something hits you but does no damage.
You are more poisoned.
Something hits you but does no damage.
You are more poisoned.
Something barely misses you. Something hits you.
You are more poisoned.
Something hits you.
You are more poisoned.
The kobold brigand throws a poisoned dart.
The poisoned dart misses you.
You closely miss something.
* * * LOW HITPOINT WARNING * * *
You feel extremely sick. Something hits you but does no damage.
You are more poisoned.
Something hits you.
* * * LOW HITPOINT WARNING * * *
You are more poisoned.
Something hits you.
* * * LOW HITPOINT WARNING * * *
You are more poisoned.
You hear some strange, mumbled words.
You barely miss the kobold. Your bite misses the kobold.
You die...

∆ .......... #.....$...
#......... #.........
#..!...... #.........
###############)).......
............)@KK).......
#########.##########.###
#.# #.# #.# #.# #.# #.#
#.#


You could see a kobold brigand and a kobold.

Vanquished Creatures
  A two-headed ogre (D:7)
  Pikel (D:4)
  Maurice (D:8)
  Joseph (D:8)
  Maggie (D:7)
  The ghost of Necrophagist the Ducker, a novice DjFE (D:4)
  Prince Ribbit (D:7)
  10 yaks
  Eustachio (D:4)
  Grum (D:8)
  3 vampire mosquitoes (D:9)
  Edmund (D:4)
  2 water moccasins
  An orc warrior (D:8)
  An ice beast (D:4)
  2 sky beasts (D:7)
  8 ogres
  4 wolves (D:8)
  A phantom (D:5)
  Blork the orc (D:5)
  A kobold brigand (D:9)
  2 bullfrogs
  2 gnoll sergeants
  2 scorpions (D:5)
  A wyvern skeleton (D:6)
  11 killer bees
  An electric eel (D:9)
  A howler monkey (D:6)
  A centaur zombie (D:5)
  6 crimson imps (D:9)
  A bullfrog skeleton (D:3)
  A centaur skeleton (D:7)
  5 hounds
  Crazy Yiuf (D:5)
  Jessica (D:2)
  4 iguanas
  4 orc wizards
  4 killer bee zombies
  A centaur simulacrum (D:4)
  2 scorpion simulacra (D:4)
  8 gnolls
  10 adders
  3 shadow imps
  4 white imps
  2 ufetubi
  2 worms
  A dart slug (D:1)
  2 adder simulacra (D:4)
  11 orcs
  9 ball pythons
  2 bats
  5 endoplasms
  2 giant cockroaches
  5 hobgoblins
  6 jackals (Sewer)
  18 kobolds
  4 quokkas
  8 frilled lizards
  5 goblins
  7 rats
209 creatures vanquished.

Vanquished Creatures (others)
  A scorpion simulacrum (D:4)
  17 plants (Sewer)
18 creatures vanquished.

Grand Total: 227 creatures vanquished

Notes
Turn   | Place    | Note
-------+----------+-------------------------------------------
     0 | Abyss:1  | Gargoyl the Gnoll Abyssal Knight began the quest for the
                  | Orb.
     0 | Abyss:1  | Reached XP level 1. HP: 23/23 MP: 3/3
    69 | Abyss:1  | Noticed a large abomination
    74 | Abyss:1  | Noticed an iron imp
    75 | D:1      | Escaped the Abyss
   121 | D:1      | Found Lumid's General Store.
   202 | D:1      | Found Ypoityum's Magic Scroll Shoppe.
   436 | D:1      | Reached XP level 2. HP: 18/29 MP: 5/5
   587 | D:1      | Reached * piety under Lugonu
   595 | D:1      | Found Pyeq's General Store.
   777 | D:1      | Found a faded altar of an unknown god.
   827 | D:1      | Found Padwaomn's Weapon Shoppe.
   885 | D:1      | Reached XP level 3. HP: 32/35 MP: 6/6
  1445 | D:2      | Found a white marble altar of Elyvilon.
  1467 | D:2      | Noticed Jessica
  1478 | D:2      | Gained mutation: You are partially covered in iridescent
                  | scales. (AC +2) [potion of mutation]
  1478 | D:2      | Gained mutation: You occasionally shout uncontrollably at
                  | your foes. [potion of mutation]
  1478 | D:2      | Gained mutation: Your magical capacity is low. (-10% MP)
                  | [potion of mutation]
  1482 | D:2      | Killed Jessica
  1483 | D:2      | Reached skill level 1 in Short Blades
  1483 | D:2      | Reached skill level 1 in Long Blades
  1483 | D:2      | Reached skill level 1 in Maces & Flails
  1483 | D:2      | Reached skill level 1 in Polearms
  1483 | D:2      | Reached skill level 1 in Staves
  1483 | D:2      | Reached skill level 1 in Slings
  1483 | D:2      | Reached skill level 1 in Bows
  1483 | D:2      | Reached skill level 1 in Crossbows
  1483 | D:2      | Reached skill level 1 in Throwing
  1483 | D:2      | Reached skill level 1 in Stealth
  1483 | D:2      | Reached skill level 1 in Shields
  1483 | D:2      | Reached skill level 1 in Unarmed Combat
  1483 | D:2      | Reached skill level 1 in Spellcasting
  1483 | D:2      | Reached skill level 1 in Evocations
  1483 | D:2      | Reached XP level 4. HP: 9/41 MP: 6/6
  2142 | D:3      | Reached skill level 1 in Conjurations
  2142 | D:3      | Reached skill level 1 in Hexes
  2142 | D:3      | Reached skill level 1 in Summonings
  2142 | D:3      | Reached skill level 1 in Necromancy
  2142 | D:3      | Reached skill level 1 in Translocations
  2142 | D:3      | Reached skill level 1 in Transmutations
  2142 | D:3      | Reached skill level 1 in Fire Magic
  2142 | D:3      | Reached skill level 1 in Ice Magic
  2142 | D:3      | Reached skill level 1 in Air Magic
  2142 | D:3      | Reached skill level 1 in Earth Magic
  2142 | D:3      | Reached skill level 1 in Poison Magic
  2281 | D:3      | Found a snail-covered altar of Cheibriados.
  2345 | D:3      | Reached XP level 5. HP: 47/47 MP: 7/7
  2385 | D:3      | Reached ** piety under Lugonu
  2778 | D:3      | Found a bloodstained altar of Trog.
  2959 | D:3      | Found an ornate altar of the Wu Jian Council.
  3105 | D:3      | Found a shadowy altar of Dithmenos.
  3189 | D:1      | Bought a +0 chain mail for 54 gold pieces
  3298 | D:4      | Found a glowing drain.
  3303 | D:4      | Noticed a lemure
  3304 | D:4      | Noticed a lemure
  3304 | D:4      | Noticed Pikel
  3305 | D:4      | Noticed a lemure
  3305 | D:4      | Noticed Edmund
  3305 | D:4      | Noticed a lemure
  3366 | D:4      | Killed Pikel
  3367 | D:4      | Reached skill level 7 in Fighting
  3367 | D:4      | Reached skill level 5 in Axes
  3367 | D:4      | Reached skill level 5 in Armour
  3367 | D:4      | Reached skill level 5 in Invocations
  3367 | D:4      | Reached XP level 6. HP: 47/55 MP: 4/9
  3367 | D:4      | Reached XP level 7. HP: 52/60 MP: 4/9
  3376 | D:4      | Killed Edmund
  3433 | Sewer    | Entered a sewer
  4025 | D:4      | Reached XP level 8. HP: 59/67 MP: 11/11
  4182 | D:4      | Identified a scroll of acquirement
  4182 | D:4      | Acquired the amulet "Erchoocam" {Faith rC+ Slay+3 Stlth+}
  4331 | D:4      | Found a runed translucent gate.
  4331 | D:4      | Found a runed translucent gate.
  4331 | D:4      | Found a runed translucent gate.
  4345 | D:4      | Noticed Eustachio
  4360 | D:4      | Killed Eustachio
  4438 | D:4      | Found an opulent altar of Gozag.
  4637 | D:4      | Noticed Necrophagist's ghost (novice DjFE)
  4697 | D:4      | Killed Necrophagist's ghost
  4900 | D:5      | Entered Level 5 of the Dungeon
  4984 | D:5      | Found a stormy altar of Qazlal.
  5083 | D:5      | Noticed Blork the orc
  5092 | D:5      | Killed Blork the orc
  5131 | D:5      | Reached *** piety under Lugonu
  5338 | D:5      | Reached XP level 9. HP: 73/73 MP: 13/13
  5351 | D:5      | Found a runed translucent door.
  5352 | D:5      | Noticed Crazy Yiuf
  5481 | D:5      | Found a glowing silver altar of Zin.
  5485 | D:5      | Found a shimmering altar of Xom.
  5557 | D:5      | Killed Crazy Yiuf
  5940 | D:6      | Found Edieng's Gadget Gallery.
  6483 | D:7      | Noticed Prince Ribbit
  6491 | D:7      | Killed Prince Ribbit
  6492 | D:7      | Reached skill level 5 in Dodging
  6619 | D:7      | Found a staircase to the Ecumenical Temple.
  6636 | D:7      | Reached skill level 8 in Fighting
  6835 | D:7      | Noticed Maggie
  6847 | D:7      | Killed Maggie
  7143 | D:7      | Identified the +5 mace "Fotopiun" {flame, rF+ Str-2 SInv}
  7173 | D:7      | Reached XP level 10. HP: 72/80 MP: 15/15
  7347 | D:7      | Noticed a two-headed ogre
  7357 | D:7      | Killed a two-headed ogre
  7358 | D:7      | Reached skill level 5 in Short Blades
  7358 | D:7      | Reached skill level 5 in Long Blades
  7358 | D:7      | Reached skill level 5 in Maces & Flails
  7358 | D:7      | Reached skill level 5 in Polearms
  7358 | D:7      | Reached skill level 5 in Staves
  7358 | D:7      | Reached skill level 5 in Slings
  7358 | D:7      | Reached skill level 5 in Bows
  7358 | D:7      | Reached skill level 5 in Crossbows
  7358 | D:7      | Reached skill level 5 in Throwing
  7358 | D:7      | Reached skill level 5 in Stealth
  7358 | D:7      | Reached skill level 5 in Shields
  7358 | D:7      | Reached skill level 5 in Unarmed Combat
  7358 | D:7      | Reached skill level 5 in Spellcasting
  7358 | D:7      | Reached skill level 5 in Evocations
  7383 | D:7      | Lost mutation: Your magical capacity is low. (-10% MP)
                  | [potion of mutation]
  7383 | D:7      | Lost mutation: You are partially covered in iridescent
                  | scales. (AC +2) [potion of mutation]
  7383 | D:7      | Gained mutation: Your flesh is cold resistant. (rC+)
                  | [potion of mutation]
  7383 | D:7      | Gained mutation: You have hidden genetic potential. [potion
                  | of mutation]
  7383 | D:7      | Gained mutation: You sometimes lose the ability to read
                  | scrolls when taking damage. [potion of mutation]
  7383 | D:7      | Gained mutation: You have sharp fingernails. [potion of
                  | mutation]
  8160 | D:8      | Reached **** piety under Lugonu
  8161 | D:8      | Noticed Joseph
  8181 | D:8      | Killed Joseph
  8498 | D:8      | Noticed Grum
  8503 | D:8      | Killed Grum
  8837 | D:7      | Noticed a rust devil
  8837 | D:7      | Noticed a rust devil
  9011 | D:8      | Found a hide-covered altar of Uskayaw.
  9261 | D:8      | Noticed Maurice
  9332 | D:8      | Killed Maurice
  9692 | D:9      | Reached XP level 11. HP: 76/87 MP: 19/19
  9934 | D:9      | Found an iron altar of Okawaru.
 10048 | D:9      | Reached skill level 9 in Fighting
 10142 | D:9      | Identified the +2 leather armour of Qetoaz {rPois}
 10287 | D:9      | Found a broken altar of Ashenzari.
 10383 | D:9      | Reached skill level 5 in Conjurations
 10383 | D:9      | Reached skill level 5 in Hexes
 10383 | D:9      | Reached skill level 5 in Summonings
 10383 | D:9      | Reached skill level 5 in Necromancy
 10383 | D:9      | Reached skill level 5 in Translocations
 10383 | D:9      | Reached skill level 5 in Transmutations
 10383 | D:9      | Reached skill level 5 in Fire Magic
 10383 | D:9      | Reached skill level 5 in Ice Magic
 10383 | D:9      | Reached skill level 5 in Air Magic
 10383 | D:9      | Reached skill level 5 in Earth Magic
 10383 | D:9      | Reached skill level 5 in Poison Magic
 10409 | D:9      | Gained mutation: You have great hidden genetic potential.
                  | [hidden potential]
 10940 | D:9      | Found a hazy altar of Hepliaklqana.
 11117 | D:9      | Found a runed translucent gate.
 11117 | D:9      | You fall into a shaft and drop 1 floor!
 11117 | D:10     | Entered Level 10 of the Dungeon
 11127 | D:10     | Noticed Sonja
 11141 | D:10     | Reached ***** piety under Lugonu
 11157 | D:10     | Succumbed to Sonja's poison

Illustrated notes

Levels and vault maps discovered:
D:1:      heliophobic_arrival_henge, layout_basic, serial_shops, shop,
          nicolae_shop_waterfront, shop,
          nicolae_shop_temple_entry_statues_fountains,
          ebering_ecumenical_altar_mist, minmay_misc_feat_secret_circle,
          minmay_misc_feat_x, minmay_circled_x
D:2:      layout_basic, basic_altar, hangedman_decor_opposing,
          minmay_pentomino_z2, uniq_jessica
D:3:      layout_loops_ring, nicolae_overflow_quartered_altars, fountainhead
D:4:      layout_basic, nicolae_gozag_cash_rules_everything_around_me,
          cheibrodos_sewer_entry_drain, gammafunk_ghost_icy, uniq_pikel,
          uniq_edmund, uniq_eustachio
D:5:      layout_gridville, chequers_temple_overflow_statue_of_worship,
          uniq_blork_the_orc, uniq_crazy_yiuf_cottage
D:6:      layout_basic, nicolae_shop_gadgets
D:7:      cheibrodos_iron_armory, layout_basic, minmay_temple_entry_slanted,
          chequers_serial_rivers_micro_a, uniq_maggie, uniq_prince_ribbit1
D:8:      layout_basic, nicolae_uskayaw_dance_hall, minivault_11,
          grunt_ministairs_9, minmay_misc_feat_enclosed, uniq_joseph,
          uniq_maurice, uniq_grum
D:9:      lemuel_ogre_cave, layout_basic, ashenzari_altar_1,
          amcnicky_altar_gilded, nicolae_overflow_hidden_temple,
          gammafunk_ghost_cemetery, minmay_nine_imps
D:10:     layout_small_grid, lair_entry_dummy, nicolae_trove_entry_columns,
          small_chamber_with_monster, uniq_sonja

Skill      XL: |  1  2  3  4  5  6  7  8  9 10 11 |
---------------+----------------------------------+-----
Short Blades   | 1 2 3 4 5 6 |  6.2
Long Blades    | 1 2 3 4 5 6 |  6.2
Maces & Flails | 1 2 3 4 5 6 |  6.2
Polearms       | 1 2 3 4 5 6 |  6.2
Staves         | 1 2 3 4 5 6 |  6.2
Slings         | 1 2 3 4 5 6 |  6.2
Bows           | 1 2 3 4 5 6 |  6.2
Crossbows      | 1 2 3 4 5 6 |  6.2
Throwing       | 1 2 3 4 5 6 |  6.2
Stealth        | 1 2 3 4 5 6 |  6.2
Shields        | 1 2 3 4 5 6 |  6.2
Unarmed Combat | 1 2 3 4 5 6 |  6.2
Spellcasting   | 1 2 3 4 5 6 |  6.2
Evocations     | 1 2 3 4 5 6 |  6.2
Conjurations   | 1 2 3 4 5 |  5.1
Hexes          | 1 2 3 4 5 |  5.1
Summonings     | 1 2 3 4 5 |  5.1
Necromancy     | 1 2 3 4 5 |  5.1
Translocations | 1 2 3 4 5 |  5.1
Transmutations | 1 2 3 4 5 |  5.1
Fire Magic     | 1 2 3 4 5 |  5.1
Ice Magic      | 1 2 3 4 5 |  5.1
Air Magic      | 1 2 3 4 5 |  5.1
Earth Magic    | 1 2 3 4 5 |  5.1
Poison Magic   | 1 2 3 4 5 |  5.1
Dodging        | 3 4 5 6 |  6.7
Fighting       | 7 8 9 |  9.1
Axes           | 5 6 7 |  7.8
Armour         | 5 6 7 |  7.8
Invocations    | 5 6 7 8 |  8.3

Action                   |  1- 3 |  4- 6 |  7- 9 | 10-12 || total
-------------------------+-------+-------+-------+-------++-------
Melee: Hand axe          |    93 |    77 |   270 |   314 ||   754
       Bite              |     4 |     5 |    30 |    52 ||    91
       Punch             |     1 |     1 |     4 |     7 ||    13
Throw: Dart              |     1 |       |    13 |    19 ||    33
Invok: Depart the Abyss  |     1 |       |       |       ||     1
  Use: Potion            |     3 |     1 |       |     2 ||     6
       Scroll            |     1 |    10 |     5 |       ||    16
 Stab: Distracted        |       |     1 |       |       ||     1
Armor: Leather armour    |    12 |     5 |       |       ||    17
       Chain mail        |       |    24 |   136 |   151 ||   311
Dodge: Dodged            |    66 |    59 |   187 |   187 ||   499

Table legend: (Time is in decaauts)
 A = Elapsed time spent in this place.
 B = Non-inter-level travel time spent in this place.
 C = Inter-level travel time spent in this place.
 D = Time resting spent in this place.
 E = Time spent auto-exploring this place.
 F = Levels seen in this place.
 G = Mean time per level.
                   A        B        C        D        E       F      G
               +--------+--------+--------+--------+--------+-----+--------+
         Total |  11302 |  10980 |    322 |    540 |   8381 |  12 |  941.8 |
       Dungeon |  10506 |  10184 |    322 |    540 |   7772 |  10 | 1050.6 |
         Abyss |     75 |     75 |      0 |      0 |     63 |   1 |   75.0 |
         Sewer |    720 |    720 |      0 |      0 |    545 |   1 |  720.0 |
               +--------+--------+--------+--------+--------+-----+--------+

Top non-repeatable levels by time:
     D:8: 1851 daAuts
     D:7: 1670 daAuts
     D:1: 1118 daAuts
     D:9: 1096 daAuts
     D:3: 1093 daAuts
     D:4: 1090 daAuts
     D:2: 965 daAuts
     D:6: 835 daAuts
     D:5: 743 daAuts
   Sewer: 720 daAuts
 Abyss:1: 75 daAuts
    D:10: 42 daAuts
